 Dungeon Crawl Stone Soup version 0.25.1-2-g60ff931df9 (webtiles) character file.

Game seed: 12328052899573184877

10975 gbos the Cleaver (level 11, -3/97 HPs)
             Began as a Deep Dwarf Fighter on Nov 16, 2020.
             Was a Priest of Makhleb.
             Splashed by an oklob plant's acid (7 damage)
             ... on level 1 of the Lair of Beasts.
             The game lasted 00:01:47 (9031 turns).

gbos the Cleaver (Deep Dwarf Fighter)               Turns: 9031, Time: 00:01:48

Health: -3/97      AC:  3    Str: 22    XL:     11   Next: 43%
Magic:  14/14      EV:  8    Int: 10    God:    Makhleb [***...]
Gold:   592        SH: 11    Dex: 12    Spells: 10/10 levels left

rFire    . . .     SeeInvis .   Y - +1 war axe
rCold    + . .     Gourm    .   c - +0 kite shield
rNeg     + . .     Faith    .   k - +0 chain mail {rPois}
rPois    +         Spirit   .   i - +0 helmet
rElec    .         Reflect  .   p - +0 cloak
rCorr    .         Harm     .   o - +0 pair of gloves
MR       +....                  g - +0 pair of boots
Stlth    ..........             (no amulet)
HPRegen  0.00/turn              y - ring of protection from cold
MPRegen  0.14/turn              t - ring of positive energy

@: lethally poisoned (-3 -> -3), about to teleport, corroded, non-regenerating
A: damage resistance, heal wounds, sense surroundings 2, no regeneration
a: Heal Wounds, Minor Destruction, Lesser Servant of Makhleb, Renounce Religion


You were on level 1 of the Lair of Beasts.
You worshipped Makhleb.
Makhleb was most pleased with you.
You were not hungry.

You visited 3 branches of the dungeon, and saw 13 of its levels.
You also visited: Sewer.

You collected 863 gold pieces.
You spent 271 gold pieces at shops.


Innate Abilities, Weirdness & Mutations

You are resistant to damage.
You can heal yourself by infusing magical energy.
You passively map the area around you.
You do not regenerate.


   Skills:
 - Level 6.0 Fighting
 - Level 13.0 Axes
 - Level 7.2 Armour
 - Level 3.0 Dodging
 + Level 8.4 Shields
 + Level 9.9 Invocations


You had 10 spell levels left.
You didn't know any spells.
Your spell library was empty.

Inventory:

Hand Weapons
 x - a +4 flail of venom
 Y - a +1 war axe (weapon)
Missiles
 n - 4 silver javelins (quivered)
 s - 5 boomerangs
 u - 5 javelins
Armour
 c - a +0 kite shield (worn)
 g - a +0 pair of boots (worn)
 i - a +0 helmet (worn)
 k - a +0 chain mail of poison resistance (worn)
 o - a +0 pair of gloves (worn)
 p - a +0 cloak (worn)
 q - a +0 plate armour
 v - a +1 pair of gloves
Jewellery
 j - an uncursed ring of see invisible {unknown}
 m - an uncursed ring of poison resistance
 t - a ring of positive energy (right hand)
 y - a ring of protection from cold (left hand)
Wands
 r - a wand of disintegration (20)
Scrolls
 a - a scroll of identify
 l - 8 scrolls of teleportation
 w - 3 scrolls of remove curse
Potions
 d - a potion of might
 f - 5 potions of curing
 z - a potion of resistance {unknown}
Comestibles
 b - 4 chunks of flesh
 e - 21 rations

Dungeon Overview and Level Annotations

Branches:
Dungeon (11/15)            Temple (1/1) D:6            Lair (1/6) D:10
  Sewer (visited)
    Orc: D:9-12

Altars:
Ashenzari
Cheibriados
Dithmenos
Elyvilon
Fedhas
Gozag
Hepliaklqana
Kikubaaqudgha
Makhleb
Nemelex Xobeh
Okawaru
Qazlal
Ru
Sif Muna
Trog
Uskayaw
Vehumet
Wu Jian
Xom
Yredelemnul
Zin
The Shining One

Shops:
D:5 [   D:7 (   D:9 :

Annotations:
D:2 1 runed translucent door, Crazy Yiuf
D:3 1 runed translucent door, Frank's ghost, amateur DsGl


Message History

The oklob plant spits acid at you. The splash of acid hits you.
You are splashed with acid!
You hit the spiny frog.
You kill the spiny frog!
Makhleb accepts your kill. The oklob plant spits acid at you.
The splash of acid hits you.
You are splashed with acid!
9029 ||| INVOKING Heal Wounds.
You feel much better. The oklob plant spits acid at you.
The splash of acid hits you! The acid corrodes you!
You are splashed with acid!
The oklob plant spits acid at you. The splash of acid hits you!
The acid corrodes you!
You are splashed with acid!
The oklob plant spits acid at you. The splash of acid hits you!
You are splashed with acid!
9031 ||| READING 9 scrolls of teleportation.
As you read the scroll of teleportation, it crumbles to dust.
You feel strangely unstable. The oklob plant spits acid at you.
The splash of acid hits you! The acid corrodes you!
You are splashed with acid!
You die...

..........#....##
..........#.####
.....###....###
....## ####...#
.#.## ##.## ..##
#..### ..
##...##### .#
#...PP%?#
#...@=|.# ,
##..PP..# *
##.##### * ###


You could see 2 oklob plants.

Vanquished Creatures
  A hydra (D:8)
  A two-headed ogre (D:11)
  2 unseen horrors
  A black mamba (Lair:1)
  2 spiny frogs (Lair:1)
  A komodo dragon (D:10)
  A troll (D:10)
  2 hippogriffs
  A spriggan (D:8)
  2 wyverns
  A basilisk (D:11)
  A soldier ant (D:10)
  An acid dragon (D:11)
  2 water moccasins
  3 sky beasts
  4 ice beasts
  An orc warrior (D:8)
  3 black bears
  3 phantoms
  A necrophage (D:6)
  5 ogres
  A crocodile (Lair:1)
  7 centaurs
  4 big kobolds
  7 bullfrogs
  A water moccasin zombie (D:8)
  2 wyvern skeletons (D:9)
  5 scorpions
  4 wights (D:9)
  5 howler monkeys
  7 crimson imps
  3 centaur zombies
  6 hounds
  3 orc priests
  3 bullfrog skeletons
  A quasit (D:9)
  A jelly (D:8)
  14 orc wizards
  A centaur skeleton (D:6)
  4 iguanas
  14 worker ants
  A killer bee zombie (D:8)
  A hound skeleton (D:11)
  2 worker ant zombies
  Robin (D:3)
  11 adders
  4 gnolls (D:10)
  A river rat (Sewer)
  A shadow imp (D:6)
  2 oozes
  An adder zombie (D:8)
  An adder skeleton (D:5)
  2 worms
  10 leopard geckos
  58 orcs
  8 giant cockroaches
  13 goblins
  14 hobgoblins
  7 jackals
  16 kobolds
  6 quokkas
  2 ball pythons
  4 bats
  3 frilled lizards
  3 quokka skeletons (D:4)
  10 rats
  A fungus (Lair:1)
315 creatures vanquished.

Vanquished Creatures (others)
  A plant (Lair:1)
1 creature vanquished.

Grand Total: 316 creatures vanquished

Notes
Turn   | Place    | Note
-------+----------+-------------------------------------------
     0 | D:1      | gbos the Deep Dwarf Fighter began the quest for the Orb.
     0 | D:1      | Reached XP level 1. HP: 20/20 MP: 1/1
     0 | D:1      | 0 ||| counter = 102
   192 | D:1      | Reached skill level 3 in Axes
   194 | D:1      | Reached XP level 2. HP: 24/27 MP: 2/2
   201 | D:1      | 201 ||| DROPPING cursed -1 club.
   422 | D:1      | Reached skill level 1 in Dodging
   656 | D:1      | 656 ||| UPGRADING to chain mail.
   666 | D:1      | 666 ||| DROPPING +0 scale mail.
   667 | D:1      | 667 ||| READING 2 scrolls labeled MOCUTZ ZURYQU.
   668 | D:1      | 668 ||| READING scroll labeled FINEFE HUFAOLY.
   669 | D:1      | 669 ||| READING scroll labeled ARUSUZEKAT.
   670 | D:1      | 670 ||| READING scroll labeled PEINEAM BUBB.
   671 | D:1      | 671 ||| READING 3 scrolls labeled BOIGHE YDWUSAF.
   675 | D:1      | 675 ||| READING 2 scrolls labeled PIMOARCH LESK.
   676 | D:1      | 676 ||| READING scroll labeled OTOVOR FYUPS.
   698 | D:2      | 698 ||| STAIRDANCE
   704 | D:1      | Reached XP level 3. HP: 26/33 MP: 3/3
   754 | D:2      | Reached skill level 4 in Axes
   854 | D:2      | 854 ||| DROPPING +0 club.
   960 | D:2      | 960 ||| UPGRADING to glowing mace.
   961 | D:2      | 961 ||| DROPPING +0 whip.
   962 | D:2      | 962 ||| READING scroll of remove curse.
   963 | D:2      | 963 ||| SWAPPING to +0 war axe.
  1039 | D:2      | Found a blossoming altar of Fedhas.
  1082 | D:2      | Reached XP level 4. HP: 20/40 MP: 4/4
  1083 | D:2      | 1083 ||| INVOKING Heal Wounds.
  1288 | D:2      | 1288 ||| DROPPING +0 mace.
  1390 | D:2      | Found a runed translucent door.
  1391 | D:2      | Noticed Crazy Yiuf
  1619 | D:3      | Found a shimmering altar of Xom.
  1646 | D:3      | Found a runed translucent door.
  1646 | D:3      | Noticed Frank's ghost (amateur DsGl)
  1717 | D:3      | Reached skill level 5 in Axes
  1889 | D:3      | Reached XP level 5. HP: 43/46 MP: 4/4
  2147 | D:3      | Reached skill level 6 in Axes
  2311 | D:3      | Noticed Robin
  2320 | D:3      | Killed Robin
  2622 | D:3      | 2622 ||| UPGRADING to helmet.
  2627 | D:3      | 2627 ||| UPGRADING to pair of gloves.
  2632 | D:3      | 2632 ||| READING scroll labeled ERRUMM SEQIB.
  2633 | D:3      | 2633 ||| DRINKING 2 puce potions.
  2634 | D:3      | 2634 ||| READING 3 scrolls of identify.
  2634 | D:3      | 2634 ||| IDENTIFYING sedimented orange potion
  2635 | D:3      | 2635 ||| READING 2 scrolls of identify.
  2635 | D:3      | 2635 ||| IDENTIFYING purple potion
  2636 | D:3      | 2636 ||| DROPPING potion of invisibility.
  2712 | D:4      | Noticed an ogre
  2725 | D:4      | 2725 ||| DRINKING potion of heal wounds.
  2726 | D:4      | Killed an ogre
  2726 | D:4      | Reached skill level 7 in Axes
  2726 | D:4      | Reached XP level 6. HP: 50/55 MP: 5/5
  2985 | D:4      | Reached skill level 8 in Axes
  3195 | D:4      | 3195 ||| READING scroll labeled FOFED VULOM.
  3196 | D:4      | 3196 ||| READING scroll labeled KUOCWIPS ELEU.
  3197 | D:4      | 3197 ||| READING 3 scrolls of identify.
  3197 | D:4      | 3197 ||| IDENTIFYING knobbly steel ring
  3198 | D:4      | 3198 ||| UPGRADING to ring of protection from cold.
  3199 | D:4      | 3199 ||| READING 2 scrolls of identify.
  3199 | D:4      | 3199 ||| IDENTIFYING coppery potion
  3200 | D:4      | 3200 ||| DROPPING potion of cancellation.
  3218 | D:5      | Entered Level 5 of the Dungeon
  3266 | D:5      | Reached XP level 7. HP: 37/61 MP: 6/6
  3290 | D:5      | 3290 ||| INVOKING Heal Wounds.
  3293 | D:5      | Reached skill level 3 in Fighting
  3364 | D:5      | Reached skill level 9 in Axes
  3541 | D:5      | 3541 ||| INVOKING Heal Wounds.
  3542 | D:5      | Reached skill level 3 in Dodging
  3566 | D:5      | Found a glowing drain.
  3569 | D:5      | 3569 ||| Found Sewer.
  3590 | Sewer    | Entered a sewer
  3591 | Sewer    | 3591 ||| Entered Sewer.
  3656 | Sewer    | 3656 ||| Stepping ~*~*~tactically~*~*~ (water).
  3677 | Sewer    | Reached XP level 8. HP: 49/69 MP: 7/7
  3702 | Sewer    | Found a glowing silver altar of Zin.
  3739 | Sewer    | 3739 ||| UPGRADING to glowing chain mail.
  3749 | Sewer    | 3749 ||| DROPPING +0 chain mail.
  3750 | Sewer    | 3750 ||| READING scroll labeled YVVEEP HONLIBA.
  3751 | Sewer    | 3751 ||| DRINKING 2 cyan potions.
  3752 | Sewer    | 3752 ||| DROPPING potion of flight.
  3779 | D:5      | Found Turitausch's Armour Shop.
  3785 | D:5      | Bought a +0 pair of boots for 63 gold pieces
  3908 | D:5      | 3908 ||| UPGRADING to +0 pair of boots.
  3935 | D:6      | 3935 ||| STAIRDANCE
  3953 | D:6      | 3953 ||| STAIRDANCE
  3964 | D:5      | 3964 ||| DRINKING potion of heal wounds.
  3971 | D:6      | 3971 ||| STAIRDANCE
  3975 | D:6      | 3975 ||| STAIRDANCE
  4048 | D:6      | Reached skill level 10 in Axes
  4162 | D:6      | Found a basalt altar of Yredelemnul.
  4273 | D:6      | 4273 ||| UPGRADING to flail.
  4274 | D:6      | 4274 ||| SWAPPING to +1 war axe.
  4275 | D:6      | 4275 ||| UPGRADING to runed mace.
  4276 | D:6      | 4276 ||| SWAPPING to +1 war axe.
  4277 | D:6      | 4277 ||| DROPPING +0 vorpal mace.
  4320 | D:6      | Reached skill level 6 in Shields
  4395 | D:6      | Found a staircase to the Ecumenical Temple.
  4407 | Temple   | Entered the Ecumenical Temple
  4408 | Temple   | 4408 ||| Entered T.
  4428 | Temple   | Became a worshipper of Makhleb the Destroyer
  4664 | Temple   | 4664 ||| UPGRADING to ring of positive energy.
  4665 | Temple   | 4665 ||| READING 2 scrolls of identify.
  4665 | Temple   | 4665 ||| IDENTIFYING knobbly copper ring
  4721 | D:6      | 4721 ||| READING scroll labeled HUSHAT IX XEOGYK.
  4722 | D:6      | 4722 ||| READING 2 scrolls of identify.
  4722 | D:6      | 4722 ||| IDENTIFYING golden potion
  4723 | D:6      | 4723 ||| DROPPING potion of mutation.
  4752 | D:7      | Found Loruozao's Antique Weapon Emporium.
  4759 | D:7      | Bought a fading hand axe for 208 gold pieces
  4759 | D:7      | 4759 ||| SWAPPING to fading hand axe.
  4759 | D:7      | Identified the +6 hand axe of Nepsy {venom, rPois Str+4
                  | Dex-5} (You bought it in a shop on level 7 of the Dungeon)
  4760 | D:7      | 4760 ||| SWAPPING to +1 war axe.
  4761 | D:7      | 4761 ||| DROPPING +6 hand axe of Nepsy {venom, rPois Str+4
                  | Dex-5}.
  4904 | D:7      | Noticed a hippogriff
  4912 | D:7      | Killed a hippogriff
  4912 | D:7      | Gained mutation: You passively map the area around you.
                  | [Deep Dwarf growth]
  4912 | D:7      | Reached XP level 9. HP: 43/78 MP: 7/9
  4913 | D:7      | 4913 ||| INVOKING Heal Wounds.
  4949 | D:7      | 4949 ||| EATING 12 rations.
  5208 | D:7      | 5208 ||| READING scroll labeled ADYUMP ITEGU.
  5209 | D:7      | 5209 ||| DRINKING 2 sedimented inky potions.
  5210 | D:7      | 5210 ||| DROPPING potion of degeneration.
  5271 | D:8      | Reached skill level 3 in Invocations
  5309 | D:8      | 5309 ||| Stepping ~*~*~tactically~*~*~ (water).
  5314 | D:8      | 5314 ||| INVOKING Heal Wounds.
  5349 | D:8      | Reached skill level 11 in Axes
  5418 | D:8      | Reached * piety under Makhleb
  5557 | D:8      | Noticed a five-headed hydra
  5561 | D:8      | 5561 ||| SWAPPING to +0 flail.
  5566 | D:8      | 5566 ||| INVOKING Heal Wounds.
  5569 | D:8      | 5569 ||| INVOKING Heal Wounds.
  5573 | D:8      | 5573 ||| INVOKING Heal Wounds.
  5578 | D:8      | 5578 ||| INVOKING Heal Wounds.
  5580 | D:8      | 5580 ||| INVOKING Heal Wounds.
  5582 | D:8      | 5582 ||| INVOKING Heal Wounds.
  5584 | D:8      | 5584 ||| INVOKING Heal Wounds.
  5589 | D:8      | 5589 ||| INVOKING Heal Wounds.
  5591 | D:8      | Killed a five-headed hydra
  5591 | D:8      | Reached skill level 12 in Axes
  5591 | D:8      | Reached XP level 10. HP: 52/88 MP: 9/9
  5592 | D:8      | 5592 ||| SWAPPING to +1 war axe.
  5650 | D:8      | 5650 ||| INVOKING Heal Wounds.
  5654 | D:8      | 5654 ||| INVOKING Heal Wounds.
  5659 | D:8      | 5659 ||| INVOKING Heal Wounds.
  6126 | D:8      | 6126 ||| UPGRADING to glowing flail.
  6127 | D:8      | 6127 ||| SWAPPING to +1 war axe.
  6128 | D:8      | 6128 ||| DROPPING +0 flail.
  6248 | D:8      | 6248 ||| EATING 18 rations.
  6535 | D:8      | 6535 ||| READING scroll labeled XIOGYX KYHI.
  6536 | D:8      | 6536 ||| READING 3 scrolls of identify.
  6536 | D:8      | 6536 ||| IDENTIFYING red potion
  6537 | D:8      | 6537 ||| READING 2 scrolls of identify.
  6537 | D:8      | 6537 ||| IDENTIFYING yellow potion
  6538 | D:8      | 6538 ||| DROPPING potion of lignification.
  6539 | D:8      | 6539 ||| DROPPING potion of berserk rage.
  6692 | D:9      | Reached skill level 6 in Armour
  6705 | D:9      | Found Zymuoqo's Book Emporium.
  6929 | D:9      | Reached ** piety under Makhleb
  7009 | D:9      | Reached skill level 6 in Fighting
  7448 | D:9      | 7448 ||| UPGRADING to cloak.
  7453 | D:9      | 7453 ||| READING 2 scrolls of identify.
  7453 | D:9      | 7453 ||| IDENTIFYING silvery potion
  7454 | D:9      | 7454 ||| DROPPING potion of stabbing.
  7505 | D:10     | Entered Level 10 of the Dungeon
  7511 | D:10     | 7511 ||| STAIRDANCE
  7523 | D:10     | 7523 ||| STAIRDANCE
  7591 | D:10     | Reached skill level 6 in Invocations
  7757 | D:10     | Killed an unseen horror
  7883 | D:10     | Found a staircase to the Lair.
  8082 | D:10     | 8082 ||| UPGRADING to brass ring.
  8084 | D:10     | 8084 ||| READING 4 scrolls of remove curse.
  8085 | D:10     | 8085 ||| REMOVING ring of teleportation.
  8086 | D:10     | 8086 ||| DROPPING ring of teleportation.
  8087 | D:10     | 8087 ||| UPGRADING to ring of protection from cold.
  8123 | D:11     | 8123 ||| STAIRDANCE
  8269 | D:11     | Reached *** piety under Makhleb
  8297 | D:11     | 8297 ||| DRINKING potion of heal wounds.
  8301 | D:11     | 8301 ||| INVOKING Heal Wounds.
  8303 | D:11     | Reached XP level 11. HP: 73/97 MP: 12/12
  8554 | D:11     | Noticed a two-headed ogre
  8564 | D:11     | Killed a two-headed ogre
  8688 | D:11     | Killed an unseen horror
  8688 | D:11     | Reached skill level 9 in Invocations
  8778 | D:11     | 8778 ||| READING scroll labeled XIABAU QALY.
  8779 | D:11     | 8779 ||| DRINKING 2 grey potions.
  8783 | D:11     | 8783 ||| DROPPING potion of ambrosia.
  8810 | Lair:1   | Entered Level 1 of the Lair of Beasts
  8811 | Lair:1   | 8811 ||| Entered L.
  8813 | Lair:1   | 8813 ||| STAIRDANCE
  8912 | Lair:1   | Reached skill level 13 in Axes
  8988 | Lair:1   | Noticed an oklob plant
  8990 | Lair:1   | Noticed an oklob plant
  9005 | Lair:1   | 9005 ||| DRINKING potion of heal wounds.
  9014 | Lair:1   | 9014 ||| INVOKING Heal Wounds.
  9015 | Lair:1   | 9015 ||| INVOKING Heal Wounds.
  9020 | Lair:1   | 9020 ||| INVOKING Heal Wounds.
  9022 | Lair:1   | 9022 ||| INVOKING Heal Wounds.
  9026 | Lair:1   | 9026 ||| INVOKING Heal Wounds.
  9029 | Lair:1   | 9029 ||| INVOKING Heal Wounds.
  9030 | Lair:1   | HP: 22/97 [acid (13)]
  9031 | Lair:1   | 9031 ||| READING 9 scrolls of teleportation.
  9031 | Lair:1   | HP: 4/97 [oklob plant/splash of acid (8)]
  9031 | Lair:1   | Splashed by an oklob plant's acid

Levels and vault maps discovered:
D:1:      minmay_arrival_widening_spiral_wide, layout_basic
D:2:      layout_loops_ring, fedhas_altar_1, hangedman_abyss_or_decor_stabs,
          guppyfry_early_orc_mine, uniq_crazy_yiuf_cottage
D:3:      layout_loops_corners, gammafunk_ghost_grave, first_ration,
          xom_teletrap_fun, uniq_robin
D:4:      layout_rooms, minmay_unequal
D:5:      layout_gridville, portal_sewer_entry_f, serial_shops,
          nicolae_shop_stone
D:6:      layout_rooms, temple_green, lemuel_statue_altar
D:7:      layout_rooms, serial_curves, eino_curves_04, eino_curves_03,
          serial_shops, nicolae_shop_stone
D:8:      cheibrodos_ideogram_h, layout_rooms, serial_co_window_serial,
          co_window_paths_b, co_window_of_opportunity_a, co_window_paths_a,
          co_window_paths_a, co_window_corner_a, co_window_2corner,
          co_window_broadway_c, co_window_paths_c, co_window_broadway_c,
          co_window_paths_c, co_window_corner_b, co_window_4corner_b,
          glass_columns_a, glass_columns_b, glass_columns_a, glass_columns_a,
          glass_columns_a, the_bakery, minmay_orc_keep
D:9:      layout_long_grid, serial_shops, shop, minmay_fountain_box,
          feat_on_display
D:10:     layout_small_grid, lair_entry_dummy
D:11:     layout_roguey
Temple:   regret_index_temple_sigil_plot
Lair:1:   layout_cave_shapes, eino_small_chamber_without_monster,
          serial_bayou_shore_b, minmay_lair_oklob_chamber, serial_bayou_shore_b

Skill      XL: |  1  2  3  4  5  6  7  8  9 10 11 |
---------------+----------------------------------+-----
Axes           | 3 4 5 7 8 9 10 12 13 | 13.0
Dodging        | 1 3 |  3.0
Shields        | 4 5 6 7 8 |  8.4
Fighting       | 3 4 5 6 |  6.0
Armour         | 5 7 |  7.2
Invocations    | 2 4 7 9 |  9.9

Action                   |  1- 3 |  4- 6 |  7- 9 | 10-12 || total
-------------------------+-------+-------+-------+-------++-------
Melee: War axe           |    69 |   243 |   317 |   446 ||  1075
       Flail             |       |       |    21 |       ||    21
Throw: Boomerang         |    22 |    65 |    43 |       ||   130
       Javelin           |       |       |    11 |    72 ||    83
 Abil: Heal Wounds       |       |     1 |    12 |     9 ||    22
  Use: Scroll            |     8 |     7 |     5 |     7 ||    27
       Potion            |       |     2 |     3 |     3 ||     8
  Eat: Chunk             |     1 |     7 |     5 |     8 ||    21
       Ration            |       |       |     1 |     1 ||     2
Armor: Scale mail        |     3 |       |       |       ||     3
       Chain mail        |    22 |   107 |   198 |   183 ||   510
Dodge: Dodged            |    17 |    41 |    92 |    99 ||   249
Block: Kite shield       |    25 |   106 |   210 |   225 ||   566
